 Dungeon Crawl Stone Soup version 0.28-a0-1506-g3893175d92 (webtiles) character file.

Game seed: 2143799119294039517

550 HallandMoats the Skirmisher (level 7, -2/60 HPs)
             Began as a Ghoul Fighter on Jan 14, 2022.
             Was a Priest of Fedhas.
             Killed from afar by an orc wizard (5 damage)
             ... with a puff of flame
             ... on level 4 of the Dungeon.
             The game lasted 00:03:06 (3804 turns).

HallandMoats the Skirmisher (Ghoul Fighter)         Turns: 3804, Time: 00:03:06

Health: -2/60      AC:  6    Str: 20    XL:     7   Next: 29%
Magic:  9/9        EV:  9    Int:  5    God:    Fedhas [***...]
Gold:   149        SH:  4    Dex:  8    Spells: 6/6 levels left

rFire   . . .      SeeInvis .   a - +0 long sword
rCold   + . .      Faith    .   c - +0 buckler
rNeg    + + +      Spirit   .   b - +0 scale mail
rPois   ∞          Reflect  .   (no helmet)
rElec   .          Harm     .   e - scarf {shadows}
rCorr   .          Rampage  .   (no gloves)
Will    .....                   (no boots)
Stlth   ..........              (no amulet)
HPRegen 0.00/turn               (no ring)
MPRegen 0.11/turn               (no ring)

@: inhibited regen
A: claws 1, cold resistance 1, negative energy resistance 3, inhibited
regeneration, torment resistance 2
a: Renounce Religion, Wall of Briars, Grow Ballistomycete


You were on level 4 of the Dungeon.
You worshipped Fedhas.
Fedhas was most pleased with you.
You visited 1 branch of the dungeon, and saw 4 of its levels.

You collected 149 gold pieces.

Inventory:

Hand Weapons
 a - a +0 long sword (weapon)
Missiles
 l - a throwing net (quivered)
Armour
 b - a +0 scale mail (worn)
 c - a +0 buckler (worn)
 e - a scarf of shadows (worn)
Scrolls
 f - 2 scrolls of identify {unknown}
 g - a scroll of teleportation {unknown}
 m - a scroll of vulnerability {unknown}
Potions
 d - a potion of might
 h - a potion of haste {unknown}
 i - a potion of experience {unknown}
 j - 2 potions of invisibility {unknown}
 k - a potion of cancellation {unknown}


   Skills:
 + Level 4.4 Fighting
 + Level 2.8 Long Blades
 + Level 3.6 Armour
 + Level 2.0 Dodging
 * Level 4.2 Shields
 * Level 4.0 Invocations


You had 6 spell levels left.
You didn't know any spells.
Your spell library contained the following spells:

 Spells                   Type           Power      Damage    Failure   Level
 Scorch                   Fire           0%         2d5       96%         2
 Flame Wave               Conj/Fire      0%         2d4       100%        4
 Petrify                  Tmut/Erth      0%         N/A       100%        4
 Irradiate                Conj/Tmut      0%         3d13      100%        5
 Summon Cactus Giant      Summ           0%         N/A       100%        6
 Sublimation of Blood     Necr           Unusable   N/A       N/A         2

Dungeon Overview and Level Annotations

Branches:
Dungeon (4/15)
 Temple: D:4-7

Altars:
Fedhas
Okawaru
Ru
Zin

Shops:
D:4 *


Innate Abilities, Weirdness & Mutations

You thrive by killing the living.
You are immune to poison.
You have sharp fingernails.
Your flesh is cold resistant. (rC+)
You are immune to negative energy. (rN+++)
You do not regenerate when monsters are visible.
You are immune to unholy pain and torment.


Message History

You closely miss something. Something hits you.
You barely miss something.
You hear some strange, mumbled words.
A magic dart appears from out of thin air!
The magic dart hits you.
You barely miss something. Something hits you.
* * * LOW HITPOINT WARNING * * *
Something hits you.
* * * LOW HITPOINT WARNING * * *
You barely miss something. You block something's attack.
You miss something. Something completely misses you.
You slash something! Something hits you but does no damage.
You miss something. Something hits you.
* * * LOW HITPOINT WARNING * * *
You barely miss something.
Something hits you but does no damage. x2
You hit something. Something hits you.
* * * LOW HITPOINT WARNING * * *
You miss something. Something hits you but does no damage.
You barely miss something.
You hear some strange, mumbled words.
A magic dart appears from out of thin air!
The magic dart hits you.
* * * LOW HITPOINT WARNING * * *
You hear some strange, mumbled words.
A magic dart appears from out of thin air!
The magic dart hits you but does no damage.
Unknown command.
You barely miss something. Something hits you.
* * * LOW HITPOINT WARNING * * *
You closely miss something. Something hits you but does no damage.
You hit something but do no damage. Something hits you.
* * * LOW HITPOINT WARNING * * *
Something hits you.
* * * LOW HITPOINT WARNING * * *
You closely miss something.
You hear some strange, mumbled words.
A puff of flame appears from out of thin air!
The puff of flame hits you.
You die...
Fedhas appreciates your contribution to the ecosystem.

#.# # #.# #
#.###.###.#
#.........#
#....†....#
#####.##### #.#
###.# ##@#.# ##
...####..{.# .'
...'.......# ##
...####....######
#.........#
#.........# ...
#.........# #'#
#.........# #.#
#.........#


There were no monsters in sight!

Vanquished Creatures
  A necrophage (D:4)
  A phantom (D:4)
  A water moccasin skeleton (D:4)
  A howler monkey (D:4)
  4 jellies
  An orc priest (D:3)
  An iguana (D:4)
  A hound skeleton (D:4)
  3 adders
  An adder skeleton (D:4)
  A worm (D:4)
  A dart slug (D:1)
  4 orcs
  6 bats
  14 endoplasms
  3 giant cockroaches
  A goblin (D:1)
  9 hobgoblins
  A jackal (D:1)
  14 kobolds
  6 quokkas
  6 ball pythons
  4 frilled lizards
  4 rats (D:1)
89 creatures vanquished.

Vanquished Creatures (others)
  A fungus (D:3)
  7 toadstools (D:3)
8 creatures vanquished.

Grand Total: 97 creatures vanquished

Notes
Turn   | Place    | Note
-------+----------+-------------------------------------------
     0 | D:1      | HallandMoats the Ghoul Fighter began the quest for the Orb.
     0 | D:1      | Reached XP level 1. HP: 19/19 MP: 0/0
   445 | D:1      | Reached XP level 2. HP: 26/26 MP: 1/1
   478 | D:1      | Reached skill level 1 in Invocations
   478 | D:1      | Found a faded altar of an unknown god.
   492 | D:1      | Prayed at the altar of an unknown god.
   492 | D:1      | Became a worshipper of Fedhas Madash
   492 | D:1      | Reached * piety under Fedhas
   663 | D:1      | Reached XP level 3. HP: 31/31 MP: 3/3
  1617 | D:2      | Reached ** piety under Fedhas
  1618 | D:2      | Reached XP level 4. HP: 38/38 MP: 4/4
  1945 | D:3      | Found an iron altar of Okawaru.
  1946 | D:3      | Found a sacrificial altar of Ru.
  2506 | D:3      | Reached skill level 1 in Dodging
  2506 | D:3      | Reached XP level 5. HP: 40/46 MP: 5/5
  2829 | D:4      | Reached XP level 6. HP: 52/52 MP: 7/7
  3150 | D:4      | Found Gozag's Platinum Reserve.
  3649 | D:4      | Noticed a necrophage
  3656 | D:4      | Killed a necrophage
  3683 | D:4      | Reached *** piety under Fedhas
  3692 | D:4      | Reached XP level 7. HP: 22/60 MP: 8/8
  3803 | D:4      | HP: 3/60 [something (1)]
  3804 | D:4      | Killed from afar by an orc wizard

Illustrated notes

Levels and vault maps discovered:
D:1:      dpeg_arrival_brainrot, layout_basic,
          shapermc_ecumenical_altar_starsandcircs, minivault_14,
          grunt_decor_mini_mirrors
D:2:      layout_loops_ring
D:3:      cheibrodos_fertilizer, layout_rooms,
          chequers_temple_overflow_statue_of_worship, minmay_misc_feat_room
D:4:      layout_loops_corners, nicolae_gozag_zags_fifth_avenue,
          nicolae_specific_store

Skill      XL: |  1  2  3  4  5  6  7 |
---------------+----------------------+-----
Invocations    | 1 2 3 4 |  4.0
Shields        | 3 4 |  4.2
Long Blades    | 2 |  2.8
Armour         | 3 |  3.6
Dodging        | 1 2 |  2.0
Fighting       | 4 |  4.4

Action                   |  1- 3 |  4- 6 |  7- 9 || total
-------------------------+-------+-------+-------++-------
Melee: Long sword        |   119 |   180 |    27 ||   326
Armor: Scale mail        |    76 |    85 |    14 ||   175
Dodge: Dodged            |    63 |    91 |     7 ||   161
Block: Buckler           |    31 |    35 |     2 ||    68

Table legend: (Time is in decaauts)
 A = Elapsed time spent in this place.
 B = Non-inter-level travel time spent in this place.
 C = Inter-level travel time spent in this place.
 D = Time resting spent in this place.
 E = Time spent auto-exploring this place.
 F = Levels seen in this place.
 G = Mean time per level.
                   A        B        C        D        E       F      G
               +--------+--------+--------+--------+--------+-----+--------+
         Total |   3913 |   3863 |     50 |    340 |   2808 |   4 |  978.2 |
       Dungeon |   3913 |   3863 |     50 |    340 |   2808 |   4 |  978.2 |
               +--------+--------+--------+--------+--------+-----+--------+

Top non-repeatable levels by time:
     D:1: 1211 daAuts
     D:4: 1012 daAuts
     D:3: 954 daAuts
     D:2: 735 daAuts
